[Event "Team 45 45 League T87"]
[Site "Internet Chess Club"]
[Date "2021.01.15"]
[Round "2"]
[White "rubo"]
[Black "GoIrish"]
[Result "0-1"]
[WhiteElo "1499"]
[BlackElo "1520"]
[Opening "Queen's pawn: London system"]
[ECO "A45"]
[Time "16:00:19"]
[TimeControl "2700+45"]

1. d4 Nf6 2. Bf4 g6 3. Nc3 Bg7 4. e4 d6 5. Be2 O-O 6. Nf3 Nbd7 7. Qd2 Qe8 8. e5
dxe5 9. Nxe5 c6 10. Bf3 Nb6 11. O-O-O Be6 12. Kb1 Nfd5 13. Nxd5 cxd5 14. c3 Rc8
15. Bh6 Nc4 16. Nxc4 Rxc4 17. Bxg7 Kxg7 18. Ka1 Qd8 19. Qe3 b5 20. Be2 Rc6 21.
Bxb5 Rb6 22. Bd3 Qd7 23. Rde1 Rfb8 24. Re2 Qb7 25. Rb1 a5 26. f3 a4 27. g4 a3
28. b3 Rc8 29. Rc1 Rbc6 30. Rec2 f6 31. h4 Bf7 32. f4 Qc7 33. Be2 Re6 34. Qd2
Rc6 35. h5 h6 36. Bf3 g5 37. fxg5 fxg5 38. c4 e6 39. Qh2 Qd8 40. Qe5+ Qf6 41.
Re1 Qxe5 42. Rxe5 Bg8 43. Rce2 Rf8 44. Bg2 Rf4 45. Kb1 Rxd4 46. Kc2 Rxg4 47. Bh3
Bh7+ 48. Kd2 Rd4+ 49. Ke1 g4 50. Rg2 Bf5 51. cxd5 Rc1+ 52. Kf2 Rc2+ 53. Ke3 Rd3+
54. Kf4 Rf3# {White checkmated} 0-1

[Event "Team 45 45 League T87"]
[Site "Internet Chess Club"]
[Date "2021.01.13"]
[Round "2"]
[White "Snuffleupegus"]
[Black "nosir"]
[Result "1-0"]
[WhiteElo "1451"]
[BlackElo "1392"]
[Opening "Mieses opening"]
[ECO "A00"]
[Time "15:00:17"]
[TimeControl "2700+45"]

1. d3 d5 2. g3 e6 3. Bg2 c5 4. Nf3 Nd7 5. Nc3 Ngf6 6. O-O Be7 7. e4 d4 8. Ne2 e5
9. Ne1 O-O 10. f4 exf4 11. gxf4 h5 12. Ng3 Ng4 13. Nxh5 Ndf6 14. Ng3 Kh7 15. e5
Nd5 16. Be4+ g6 17. f5 gxf5 18. Nxf5 Bxf5 19. Bxf5+ Kg7 20. Qxg4+ Kh8 21. Qh5+
{Black resigns} 1-0

[Event "Team 45 45 League T87"]
[Site "Internet Chess Club"]
[Date "2021.01.13"]
[Round "2"]
[White "fvafier"]
[Black "QuieroAprender"]
[Result "0-1"]
[WhiteElo "1528"]
[BlackElo "1710"]
[Opening "King's Indian defense, 3.Nc3"]
[ECO "E61"]
[Time "19:30:31"]
[TimeControl "2700+45"]

1. d4 Nf6 2. c4 g6 3. Nc3 d6 4. e4 Nbd7 5. Nf3 Bg7 6. Be2 c6 7. O-O O-O 8. Ne1
e5 9. d5 Ne8 10. f3 f5 11. Be3 f4 12. Bf2 Ndf6 13. Nd3 c5 14. b4 b6 15. bxc5
bxc5 16. a4 h5 17. Qd2 g5 18. Kh1 g4 19. Rfb1 Ba6 20. Nb5 Bh6 21. Rb2 Qe7 22.
Rab1 Qg7 23. Qe1 Bxb5 24. Rxb5 Rf7 25. a5 a6 26. Rb6 Nd7 27. R6b2 Qg5 28. Bh4
Qg6 29. Bd1 Rg7 30. Ba4 Nef6 31. Bxf6 Nxf6 32. Rb7 Ra7 33. Rxa7 Rxa7 34. Rb8+
Bf8 35. Qb1 gxf3 36. gxf3 Rg7 37. Qf1 Nxe4 38. Ne1 Nd2 39. Qg2 Qxg2+ 40. Nxg2
Nxc4 41. Ra8 Nxa5 42. Rxa6 Nc4 43. Bc2 Rxg2 44. Kxg2 Ne3+ 45. Kf2 Nxc2 46. h4
Nb4 {White resigns} 0-1

[Event "Team 45 45 League T87"]
[Site "Internet Chess Club"]
[Date "2021.01.17"]
[Round "2"]
[White "kabindra"]
[Black "dalmata"]
[Result "1/2-1/2"]
[WhiteElo "1681"]
[BlackElo "1563"]
[Opening "French: advance, Paulsen attack"]
[ECO "C02"]
[Time "16:00:11"]
[TimeControl "2700+45"]

1. e4 e6 2. d4 d5 3. e5 c5 4. c3 Nc6 5. Nf3 b6 6. Bd3 Nge7 7. O-O Nf5 8. Ng5 h6
9. Qh5 g6 10. Qh3 Be7 11. Nf3 h5 12. Na3 cxd4 13. Nb5 dxc3 14. bxc3 a6 15. Nbd4
Ncxd4 16. cxd4 Bd7 17. Re1 Bb4 18. Bg5 Be7 19. Bxe7 Qxe7 20. Rab1 b5 21. Rbc1
Rc8 22. Rxc8+ Bxc8 23. Rc1 Bb7 24. g4 Ng7 25. Rc5 O-O 26. Nh4 Rc8 27. Rxc8+ Bxc8
28. Be2 Qc7 29. Qe3 Qd8 30. Qg3 Qa5 31. Kg2 Qxa2 32. Bf3 b4 33. gxh5 b3 34. hxg6
b2 35. gxf7+ Kxf7 36. Qg6+ Kg8 37. Bh5 b1=Q 38. Qf7+ Kh8 39. Bg6 Qb4 40. Bd3
Qaa3 41. Ng6+ Kh7 42. Nf8+ Kh8 43. Ng6+ Kh7 44. Nf8+ {Game drawn by mutual
agreement} 1/2-1/2

[Event "Team 45 45 League T87"]
[Site "Internet Chess Club"]
[Date "2021.01.18"]
[Round "2"]
[White "DaveTheRook"]
[Black "julesraider"]
[Result "0-1"]
[WhiteElo "1482"]
[BlackElo "1602"]
[Opening "Catalan opening"]
[ECO "E00"]
[Time "18:04:04"]
[TimeControl "2700+45"]

1. c4 Nf6 2. d4 e6 3. g3 Bb4+ 4. Bd2 Qe7 5. Bg2 O-O 6. Nc3 c5 7. Nf3 Bxc3 8.
Bxc3 Ne4 9. Qd3 d5 10. O-O Nc6 11. a3 Rd8 12. dxc5 Nxc3 13. Qxc3 Qxc5 14. cxd5
Qxc3 15. bxc3 Rxd5 16. Rfd1 Rc5 17. Ne5 Rxe5 18. Bxc6 Kf8 19. Rd8+ Ke7 20. Re8+
Kd6 21. Bxb7 Bxb7 22. Rd1+ Rd5 23. Rxd5+ Bxd5 {White resigns} 0-1

[Event "Team 45 45 League T87"]
[Site "Internet Chess Club"]
[Date "2021.01.14"]
[Round "2"]
[White "Toalla"]
[Black "Denis240964"]
[Result "0-1"]
[WhiteElo "1141"]
[BlackElo "1419"]
[Opening "Queen's pawn game"]
[ECO "D02"]
[Time "13:00:42"]
[TimeControl "2700+45"]

1. Nf3 d5 2. d4 e6 3. c3 c5 4. Bf4 Nc6 5. e3 cxd4 6. cxd4 Nf6 7. h3 Bb4+ 8. Nc3
Ne4 9. Rc1 Qa5 10. Qb3 O-O 11. a3 Nxc3 12. Rxc3 Bxc3+ 13. Qxc3 Qxc3+ 14. bxc3
Bd7 15. Bb5 a6 16. Bxc6 Bxc6 17. Kd2 f6 18. Ne1 e5 19. dxe5 fxe5 20. Bxe5 Rxf2+
21. Kd1 Raf8 22. g4 Ra2 23. Bd6 Rff2 24. Kc1 Ra1# {White checkmated} 0-1

[Event "Team 45 45 League T87"]
[Site "Internet Chess Club"]
[Date "2021.01.14"]
[Round "2"]
[White "WillC"]
[Black "nidusin2"]
[Result "0-1"]
[WhiteElo "1534"]
[BlackElo "1644"]
[Opening "Queen's Pawn"]
[ECO "A41"]
[Time "19:59:34"]
[TimeControl "2700+45"]

1. d4 d6 2. Nf3 Nf6 3. b3 Nbd7 4. Bb2 c6 5. e3 Qc7 6. Nbd2 d5 7. Bd3 e6 8. O-O
Bd6 9. c4 O-O 10. Rc1 Qa5 11. a3 Re8 12. b4 Qd8 13. Ne5 Qc7 14. f4 Be7 15. Qf3
a5 16. b5 a4 17. f5 Nf8 18. cxd5 exd5 19. bxc6 bxc6 20. Nxc6 Bd6 21. Ne5 Qe7 22.
Bb5 Bd7 23. Bxd7 N8xd7 24. Nxd7 Nxd7 25. Nb1 Qxe3+ 26. Qxe3 Rxe3 27. Rc3 Re2 28.
Bc1 Nf6 29. Rc6 Bf8 30. Nc3 Rc2 31. Rc7 Bd6 32. Rc6 Ne4 33. Rxd6 Nxd6 34. Nxd5
Nxf5 35. Nb6 Re8 36. Bf4 Nxd4 37. Nxa4 Ne2+ 38. Kh1 Nxf4 {White resigns} 0-1

[Event "Team 45 45 League T87"]
[Site "Internet Chess Club"]
[Date "2021.01.17"]
[Round "2"]
[White "timothysmall56"]
[Black "RD1974"]
[Result "1-0"]
[WhiteElo "1719"]
[BlackElo "1498"]
[Opening "French: exchange variation"]
[ECO "C01"]
[Time "19:10:25"]
[TimeControl "2700+45"]

1. e4 e6 2. d4 d5 3. exd5 exd5 4. c4 Nf6 5. Nf3 Bd6 6. Nc3 Be6 7. c5 Be7 8. Bd3
h6 9. Qb3 Qc8 10. O-O O-O 11. Re1 Nc6 12. Bf4 a6 13. h3 Re8 14. Ne2 Bf8 15. Ne5
Ne7 16. Rac1 c6 17. Qb6 a5 18. Bd2 a4 19. Rc3 Bf5 20. Ra3 Bxd3 21. Nxd3 Ra6 22.
Qb4 Ne4 23. Bf4 Qa8 24. f3 Nf6 25. Nc3 g5 26. Bh2 Bg7 27. Bd6 Nf5 28. Be5 Nh4
29. Rxa4 Qc8 30. Rxa6 Nxf3+ 31. gxf3 bxa6 32. Nf2 Nd7 33. Ncd1 Nf6 34. Bxf6 Bxf6
35. Rxe8+ Qxe8 36. Qd2 Qb8 37. Kg2 Bd8 38. Ng4 Kg7 39. Qe2 Bc7 40. Qe7 Bd8 41.
Qe5+ Qxe5 42. Nxe5 Kf6 43. Nxc6 Bc7 44. Nb4 {Black resigns} 1-0

[Event "Team 45 45 League T87"]
[Site "Internet Chess Club"]
[Date "2021.01.18"]
[Round "2"]
[White "Rybo88"]
[Black "fireball"]
[Result "0-1"]
[WhiteElo "1426"]
[BlackElo "1525"]
[Opening "QGD Slav: 4.Nc3"]
[ECO "D15"]
[Time "12:03:18"]
[TimeControl "2700+45"]

1. d4 Nf6 2. Nf3 d5 3. c4 c6 4. Nc3 h6 5. Bf4 Bf5 6. Qb3 Qb6 7. Na4 Qxb3 8. axb3
Nbd7 9. h3 e6 10. e3 Bb4+ 11. Nc3 Ne4 12. Rc1 g5 13. Bh2 Nxc3 14. bxc3 Ba3 15.
Ra1 Bb2 16. Ra2 Bxc3+ 17. Nd2 Bb1 18. Ra3 a5 19. Kd1 Bg6 20. Be2 Bb4 21. Ra2 Ke7
22. Nf3 Rhg8 23. Ne5 Nf6 24. Nxg6+ Rxg6 25. f3 Nd7 26. Kc2 f5 27. Bd3 Rgg8 28.
g4 Raf8 29. gxf5 exf5 30. c5 Kf6 31. Kd1 Re8 32. Re2 b6 33. cxb6 Nxb6 34. Be5+
Ke6 35. e4 fxe4 36. fxe4 Kd7 37. exd5 Nxd5 38. Bf5+ Kd8 39. Rc2 Ne3+ 40. Kc1
Nxf5 41. Rxc6 Kd7 42. Rb6 Re6 43. Rb7+ Kc6 44. Rc7+ Kb6 45. Rf7 Ne7 46. Rhf1
Rc8+ 47. Kb1 Nd5 48. R1f3 Rc3 {White resigns} 0-1

[Event "Team 45 45 League T87"]
[Site "Internet Chess Club"]
[Date "2021.01.16"]
[Round "2"]
[White "tamky70"]
[Black "oldsj"]
[Result "0-1"]
[WhiteElo "1279"]
[BlackElo "1429"]
[Opening "Bird's opening"]
[ECO "A02"]
[Time "14:00:56"]
[TimeControl "2700+45"]

1. f4 Nf6 2. Nf3 d6 3. e3 Nc6 4. Bb5 Bd7 5. c3 a6 6. Bd3 e5 7. fxe5 dxe5 8. Be2
Bd6 9. d3 Qe7 10. e4 O-O-O 11. Nbd2 Bc5 12. Nf1 Bg4 13. Be3 Nxe4 14. Qc1 Nf6 15.
Bxc5 Qxc5 16. Qe3 Qxe3 17. Nxe3 Bd7 18. O-O e4 19. Ng5 exd3 20. Bxd3 Be8 21. Bc4
Ne5 22. Bb3 h6 23. Nf3 Nd3 24. Nd4 Ne5 25. Rad1 Nfd7 26. Ndf5 g6 27. Ne7+ Kb8
28. N3d5 Nc5 29. Nf6 Bb5 30. Rxd8+ Rxd8 31. Rd1 Rxd1+ 32. Bxd1 Ncd3 33. b3 Nf4
34. c4 Bc6 35. Nxc6+ Nxc6 36. g3 Ne6 37. Ne4 Kc8 38. Nc3 f5 39. Bf3 Nb4 40. Bd5
Nd4 41. Kg2 g5 42. a3 Nbc2 43. Kf2 Nxa3 44. c5 c6 45. Bg8 Kd7 46. Na4 Ke7 47.
Ke3 Nab5 48. Nb6 Ne6 49. Bh7 Nbd4 50. Nc8+ Kf6 51. Nd6 Nxb3 52. Nxf5 Nbxc5 53.
Nxh6 Kg7 {White resigns} 0-1

[Event "Team 45 45 League T87"]
[Site "Internet Chess Club"]
[Date "2021.01.17"]
[Round "2"]
[White "PolishRyszard"]
[Black "McDreasor"]
[Result "1-0"]
[WhiteElo "1834"]
[BlackElo "1903"]
[Opening "Queen's pawn game"]
[ECO "A45"]
[Time "14:01:06"]
[TimeControl "2700+45"]

1. d4 Nf6 2. Nc3 g6 3. Bf4 Bg7 4. e3 O-O 5. h4 h5 6. Be2 d6 7. Nf3 Bg4 8. Qd2
Nbd7 9. O-O c6 10. e4 e5 11. dxe5 dxe5 12. Be3 Qe7 13. Rfd1 Rfd8 14. Qe1 Nc5 15.
Ng5 Bxe2 16. Qxe2 Ng4 17. Bd2 f6 18. Qc4+ Kf8 19. Nh7+ Ke8 20. Qg8+ Bf8 21. f3
{Black resigns} 1-0

[Event "Team 45 45 League T87"]
[Site "Internet Chess Club"]
[Date "2021.01.16"]
[Round "2"]
[White "ErnestoRondon"]
[Black "cadmiumorange"]
[Result "1/2-1/2"]
[WhiteElo "1888"]
[BlackElo "1839"]
[Opening "Robatsch (modern) defense"]
[ECO "A40"]
[Time "14:00:51"]
[TimeControl "2700+45"]

1. d4 g6 2. e4 Bg7 3. c3 d6 4. f4 e5 5. dxe5 dxe5 6. Qxd8+ Kxd8 7. Nf3 Nd7 8.
Bd3 f6 9. fxe5 Nxe5 10. Nxe5 fxe5 11. Bg5+ Bf6 12. Bxf6+ Nxf6 13. Nd2 Be6 14.
Nf3 Nd7 15. O-O-O Ke7 16. b3 {Game drawn by mutual agreement} 1/2-1/2

[Event "Team 45 45 League T87"]
[Site "Internet Chess Club"]
[Date "2021.01.17"]
[Round "2"]
[White "pishd"]
[Black "filmdirector"]
[Result "1-0"]
[WhiteElo "1862"]
[BlackElo "1627"]
[Opening "Queen's pawn game"]
[ECO "D02"]
[Time "12:14:38"]
[TimeControl "2700+45"]

1. d4 d5 2. Nf3 Bg4 3. Ne5 Bd7 4. e3 Nc6 5. Nxd7 Qxd7 6. c4 e5 7. cxd5 Qxd5 8.
Nc3 Bb4 9. Bd2 Bxc3 10. bxc3 O-O-O 11. c4 Qe4 12. d5 Nce7 13. Qb3 c6 14. Rb1 b6
15. a4 cxd5 16. c5 d4 17. cxb6 dxe3 18. Bxe3 Nd5 19. Ba6+ Kd7 20. O-O Nxb6 21.
Qxf7+ Ne7 22. Bxb6 axb6 23. Rfd1+ Kc7 24. Qxe7+ {Black resigns} 1-0

[Event "Team 45 45 League T87"]
[Site "Internet Chess Club"]
[Date "2021.01.15"]
[Round "2"]
[White "zugknightly"]
[Black "walkover"]
[Result "1-0"]
[WhiteElo "1875"]
[BlackElo "1684"]
[Opening "English opening"]
[ECO "A20"]
[Time "15:01:26"]
[TimeControl "2700+45"]

1. c4 e5 2. g3 Nf6 3. Bg2 d5 4. cxd5 Nxd5 5. Nf3 Nc6 6. O-O Nb6 7. d3 Be7 8.
Nbd2 O-O 9. a3 Re8 10. b4 a5 11. b5 Nd4 12. Nxd4 exd4 13. a4 Nd5 14. Bb2 Bb4 15.
Rc1 Nc3 16. Bxc3 dxc3 17. Ne4 Bg4 18. h3 f5 19. Nxc3 Bxc3 20. hxg4 Bf6 21. gxf5
Rb8 22. Qb3+ Kh8 23. e4 Bd4 24. Qc4 Rc8 25. Bf3 c5 26. Kg2 Qg5 27. Rh1 h6 28.
Rh5 Qd2 29. Rf1 Rc7 30. g4 Bf6 31. Qc1 Qxd3 32. Rxh6+ {Black forfeits on time}
1-0

[Event "Team 45 45 League T87"]
[Site "Internet Chess Club"]
[Date "2021.01.17"]
[Round "2"]
[White "Sloggi"]
[Black "cool64chess"]
[Result "1/2-1/2"]
[WhiteElo "1927"]
[BlackElo "1974"]
[Opening "QGD: classical variation (5.Bf4)"]
[ECO "D37"]
[Time "23:07:13"]
[TimeControl "2700+45"]

1. d4 d5 2. c4 e6 3. Nc3 Nf6 4. Nf3 Be7 5. Bf4 O-O 6. e3 dxc4 7. Bxc4 Nbd7 8.
O-O a6 9. Rc1 b5 10. Bb3 Bb7 11. Qe2 c5 12. dxc5 Nxc5 13. Bc2 Rc8 14. a3 Qb6 15.
b4 Nce4 16. Nxe4 Nxe4 17. Bxe4 Bxe4 18. Rfd1 Rfd8 19. Be5 f6 20. Bd4 Qb7 21. Ne1
e5 22. Bb2 Bd5 23. Qg4 Rxc1 24. Bxc1 Qc6 25. Bb2 Be6 26. Rxd8+ Bxd8 27. Qd1 Qd5
{Game drawn by mutual agreement} 1/2-1/2

[Event "Team 45 45 League T87"]
[Site "Internet Chess Club"]
[Date "2021.01.16"]
[Round "2"]
[White "fhunfi"]
[Black "ArturitoGalacti"]
[Result "1/2-1/2"]
[WhiteElo "1803"]
[BlackElo "1822"]
[Opening "Caro-Kann: two knights, 3...Bg4"]
[ECO "B10"]
[Time "20:00:24"]
[TimeControl "2700+45"]

1. e4 c6 2. Nf3 d5 3. Nc3 Bg4 4. h3 Bxf3 5. Qxf3 d4 6. Nb1 e5 7. Bc4 Nf6 8. g4
h6 9. d3 Qc7 10. Nd2 b5 11. Bb3 Nbd7 12. a3 a5 13. Nf1 a4 14. Ba2 c5 15. Ng3 c4
16. O-O g6 17. Qe2 Rc8 18. f4 Bd6 19. f5 g5 20. Rf2 Nb6 21. Rh2 Be7 22. Bd2 Nfd7
23. f6 Bxf6 24. Ba5 Be7 25. Nf5 f6 26. Rf1 Qc6 27. Bxb6 Nxb6 28. Rhf2 Kd7 29.
Qf3 Rcf8 30. Ng7 Kc8 31. Qf5+ Kb7 {Game drawn by mutual agreement} 1/2-1/2

[Event "Team 45 45 League T87"]
[Site "Internet Chess Club"]
[Date "2021.01.15"]
[Round "2"]
[White "Tufnell"]
[Black "KidRattler"]
[Result "1/2-1/2"]
[WhiteElo "1769"]
[BlackElo "1794"]
[Opening "Scandinavian (center counter) defense"]
[ECO "B01"]
[Time "08:11:37"]
[TimeControl "2700+45"]

1. e4 d5 2. exd5 Qxd5 3. Nc3 Qd8 4. d4 Nf6 5. Nf3 a6 6. g3 Bg4 7. Bg2 e6 8. h3
Bxf3 9. Qxf3 c6 10. Qd3 Bd6 11. Bd2 Nbd7 12. O-O-O Qc7 13. Kb1 O-O-O 14. Rhe1
Rhe8 15. Ne4 Nxe4 16. Qxe4 Nf6 17. Qf3 Rd7 18. c4 c5 19. d5 exd5 20. Rxe8+ Nxe8
21. Qxd5 Bxg3 22. Qxb7+ Qxb7 23. Bxb7+ Kxb7 24. fxg3 Rd3 25. Re1 Nd6 26. Bf4 Nf5
27. g4 Nd4 28. Be3 Ne6 29. Kc2 Rd7 30. Rd1 Rxd1 31. Kxd1 Kc6 32. Ke2 Kd6 33. Kd3
Ke5 34. a3 a5 35. b3 g6 36. Bd2 a4 37. bxa4 Nc7 38. a5 f5 39. Ke3 fxg4 40. hxg4
h5 41. Bc3+ Kd6 42. gxh5 gxh5 43. Kf4 Ke6 44. Kg5 h4 45. Kxh4 Kf5 46. Bb4 Na6
47. Bxc5 Nxc5 {Game drawn by mutual agreement} 1/2-1/2

[Event "Team 45 45 League T87"]
[Site "Internet Chess Club"]
[Date "2021.01.17"]
[Round "2"]
[White "ILRE"]
[Black "Boxermam"]
[Result "1-0"]
[WhiteElo "1607"]
[BlackElo "1763"]
[Opening "Queen's pawn"]
[ECO "A40"]
[Time "14:00:30"]
[TimeControl "2700+45"]

1. d4 e6 2. Bf4 d5 3. Nf3 Nf6 4. e3 c5 5. c3 Nc6 6. Bd3 Bd6 7. Bg3 O-O 8. Nbd2
b6 9. Ne5 Bb7 10. f4 Ne7 11. O-O Nf5 12. Bf2 Be7 13. Qf3 Nd6 14. Rad1 Nfe4 15.
Qh3 a5 16. g4 f6 17. Nef3 Ba6 18. Bxa6 Rxa6 19. Be1 Qc8 20. Qg2 c4 21. h4 b5 22.
g5 Kh8 23. Kh1 b4 24. Nxe4 Nxe4 25. Rg1 Rg8 26. Qh3 bxc3 27. bxc3 Rb6 28. Rg2
Ba3 29. h5 Rb2 30. Rxb2 Bxb2 31. Nh4 Re8 32. Ng6+ Kg8 33. Nh4 fxg5 34. fxg5 Nxg5
35. Qg2 Qd8 36. Qxb2 Rf8 37. Bg3 Ne4 38. Qh2 Qg5 39. Rg1 Qxe3 40. Qg2 Nxg3+ 41.
Qxg3 Qe4+ 42. Kh2 g6 43. hxg6 hxg6 44. Qxg6+ Qxg6 45. Rxg6+ Kf7 46. Rg2 Ke7 47.
Ng6+ {Black resigns} 1-0

[Event "Team 45 45 League T87"]
[Site "Internet Chess Club"]
[Date "2021.01.16"]
[Round "2"]
[White "fledermaus"]
[Black "room-matt"]
[Result "1/2-1/2"]
[WhiteElo "1880"]
[BlackElo "1803"]
[Opening "QGD: Ragozin variation"]
[ECO "D38"]
[Time "11:00:39"]
[TimeControl "2700+45"]

1. Nf3 Nf6 2. c4 e6 3. Nc3 d5 4. d4 Bb4 5. Bg5 O-O 6. e3 h6 7. Bh4 b6 8. Qb3 c5
9. Bxf6 gxf6 10. cxd5 exd5 11. a3 Bxc3+ 12. Qxc3 c4 13. b3 cxb3 14. Qxb3 Bg4 15.
Rc1 Qd6 16. Nh4 Nc6 17. Ba6 Bd7 18. Bb7 Rab8 19. Bxc6 Rbc8 20. O-O Rxc6 21. Rxc6
Qxc6 22. Qb1 Rc8 23. Nf5 Bxf5 24. Qxf5 Qe6 25. Qb1 Rc3 26. Rc1 Rxa3 27. h3 f5
28. Rc7 f4 29. exf4 Qd6 30. Qc1 Ra2 31. f5 Qf6 32. Qf4 Ra4 33. Rc8+ Kh7 34. Qg4
Qg5 35. Qxg5 hxg5 36. Rc7 Kg7 37. Rd7 Rxd4 38. Rxa7 Rd1+ 39. Kh2 Kf6 40. Rb7 Rb1
41. g4 d4 42. Kg2 d3 43. Rd7 Rb3 44. Kf3 b5 45. Ke3 d2+ 46. Kxd2 Rxh3 47. Rb7
Rf3 48. Rb6+ Ke7 49. Rxb5 Rxf2+ 50. Ke3 Rf4 51. Rb7+ Kf6 {Game drawn by mutual
agreement} 1/2-1/2

[Event "Team 45 45 League T87"]
[Site "Internet Chess Club"]
[Date "2021.01.18"]
[Round "2"]
[White "pishd"]
[Black "MathBandit"]
[Result "1/2-1/2"]
[WhiteElo "1854"]
[BlackElo "1674"]
[Opening "Queen's pawn game, Chigorin variation"]
[ECO "D02"]
[Time "07:18:16"]
[TimeControl "2700+45"]

1. d4 d5 2. Nf3 Nc6 3. e3 Nf6 4. c4 Bg4 5. cxd5 Nxd5 6. Be2 e6 7. O-O Bd6 8. e4
Nb6 9. Be3 O-O 10. h3 Bh5 11. Nc3 Qe7 12. e5 Bb4 13. a3 Bxc3 14. bxc3 Bg6 15.
Qb3 Rab8 16. Rfd1 Nd5 17. Bg5 f6 18. exf6 Nxf6 19. Re1 Qd6 20. Bc4 Ne4 21. Bxe6+
Kh8 22. Be3 Na5 23. Qd5 Qxd5 24. Bxd5 Nxc3 25. Be6 Rbe8 26. Bd2 Ne4 27. Bxa5
Rxe6 28. d5 Ree8 29. Bxc7 Nf6 30. d6 Bf5 31. Ne5 Nd7 32. f4 Kg8 33. Rac1 g5 34.
Nxd7 Bxd7 35. fxg5 Kg7 36. Re7+ Rxe7 37. dxe7 Rf5 38. Re1 Kf7 39. h4 b6 40. Kh2
Rd5 41. Bd8 Ke8 42. Rf1 Rf5 43. Rf3 Rxf3 44. gxf3 b5 45. Kg3 a5 46. Kf4 b4 47.
axb4 axb4 48. Ke3 Kf7 49. Kd4 b3 50. Kc3 Ba4 51. f4 Kg6 52. Bc7 Kh5 53. Bd8 Kg4
54. Kb2 Be8 55. Bc7 Bf7 56. Bd8 Kxf4 57. e8=Q Bxe8 58. Kxb3 Kg4 {Game drawn by
mutual agreement} 1/2-1/2

[Event "Team 45 45 League T87"]
[Site "Internet Chess Club"]
[Date "2021.01.17"]
[Round "2"]
[White "dalmata"]
[Black "ILRE"]
[Result "1/2-1/2"]
[WhiteElo "1557"]
[BlackElo "1582"]
[Opening "QGD: semi-Slav"]
[ECO "D10"]
[Time "08:30:09"]
[TimeControl "2700+45"]

1. d4 d5 2. c4 c6 3. Nc3 e6 4. cxd5 exd5 5. Nf3 h6 6. Bf4 Nf6 7. e3 Bf5 8. Be2
Qb6 9. Qb3 Nbd7 10. O-O Be7 11. Ne5 O-O 12. Na4 Qxb3 13. axb3 Nxe5 14. Bxe5 Nd7
15. Bf4 Bc2 16. Bd1 Bd3 17. Re1 Bb4 18. Nc3 Nf6 19. f3 Rfe8 20. Be2 Bc2 21. Bd1
Bf5 22. Be5 Nd7 23. Bg3 Nf6 24. Re2 Bd3 25. Rd2 Bf5 26. Re2 a6 27. Na2 Ba5 28.
Nc1 Bb6 29. b4 a5 30. bxa5 Rxa5 31. Rxa5 Bxa5 32. b3 {Game drawn by mutual
agreement} 1/2-1/2

[Event "Team 45 45 League T87"]
[Site "Internet Chess Club"]
[Date "2021.01.17"]
[Round "2"]
[White "LookImYourVader"]
[Black "Draconian"]
[Result "1-0"]
[WhiteElo "1783"]
[BlackElo "1592"]
[Opening "Sicilian: Alapin's variation (2.c3)"]
[ECO "B22"]
[Time "14:59:57"]
[TimeControl "2700+45"]

1. e4 c5 2. c3 Nc6 3. d4 cxd4 4. cxd4 d5 5. exd5 Qxd5 6. Nf3 Bg4 7. Nc3 Qa5 8.
d5 O-O-O 9. Bd2 Nd4 10. Nb5 Bxf3 11. Qc1+ Kd7 12. Bxa5 Rc8 13. Qxc8+ Kxc8 14.
Rc1+ Kb8 15. Nxd4 Bxd5 16. Bc7+ Kc8 17. Bg3+ Kd8 18. Bc4 Bxg2 19. Rg1 Bh3 20.
Bxf7 Nh6 21. Be6 Bxe6 22. Nxe6+ Kd7 23. Nxf8+ Rxf8 24. Rc7+ Ke6 25. Kd2 Rd8+ 26.
Kc2 Nf5 27. Re1+ Kf7 28. Be5 Rd5 29. Bc3 b5 30. Re5 Rxe5 31. Bxe5 Ke6 32. Bc3 b4
33. Bxb4 Nd4+ 34. Kd3 Nb5 35. Rxe7+ Kd5 36. Rxg7 a5 37. Rg5+ Kc6 38. Rxb5 Kxb5
39. Bxa5 Kxa5 40. f4 h5 41. f5 h4 42. h3 Ka4 43. f6 Kb4 44. f7 Ka4 45. Kc4 Ka5
46. Kc5 Ka6 47. Kc6 Ka5 48. f8=Q Ka4 49. Qf4+ Ka5 50. Qb8 Ka4 51. Qb3+ Ka5 52.
Qa3# {Black checkmated} 1-0

[Event "Team 45 45 League T87"]
[Site "Internet Chess Club"]
[Date "2021.01.15"]
[Round "2"]
[White "Manas"]
[Black "rookmaster23"]
[Result "0-1"]
[WhiteElo "1600"]
[BlackElo "1679"]
[Opening "Sicilian: Grand Prix attack"]
[ECO "B23"]
[Time "23:01:00"]
[TimeControl "2700+45"]

1. e4 c5 2. Nc3 Nc6 3. f4 g6 4. Nf3 Bg7 5. Bb5 Nd4 6. a4 a6 7. Bc4 e6 8. Ba2 Ne7
9. O-O O-O 10. Nxd4 Bxd4+ 11. Kh1 d5 12. e5 Bd7 13. Bb1 c4 14. Ne2 Bc5 15. d4
cxd3 16. Qxd3 Nf5 17. c3 a5 18. g4 Bc6 19. Nd4 Nxd4 20. cxd4 Bb6 21. f5 Qh4 22.
Rg1 exf5 23. h3 Bxd4 24. Rg3 Bxe5 {White resigns} 0-1

[Event "Team 45 45 League T87"]
[Site "Internet Chess Club"]
[Date "2021.01.16"]
[Round "2"]
[White "Rookmaster"]
[Black "BrianWood"]
[Result "1-0"]
[WhiteElo "1626"]
[BlackElo "1544"]
[Opening "Petrov: Cochrane gambit"]
[ECO "C42"]
[Time "21:03:04"]
[TimeControl "2700+45"]

1. e4 e5 2. Nf3 Nf6 3. Nxe5 d6 4. Nxf7 Kxf7 5. d4 g6 6. Bc4+ Kg7 7. Bg5 Be7 8.
Qc1 Nxe4 9. Bh6+ Kf6 10. Qf4+ Bf5 11. g4 g5 {Black resigns} 1-0

[Event "Team 45 45 League T87"]
[Site "Internet Chess Club"]
[Date "2021.01.16"]
[Round "2"]
[White "Kingofknights"]
[Black "WillC"]
[Result "0-1"]
[WhiteElo "1521"]
[BlackElo "1550"]
[Opening "Neo-Grünfeld defense"]
[ECO "D70"]
[Time "11:30:22"]
[TimeControl "2700+45"]

1. d4 Nf6 2. c4 g6 3. f3 d5 4. cxd5 Nxd5 5. e4 Nb6 6. Nc3 Bg7 7. Be3 Nc6 8. Bb5
Bd7 9. Nge2 a6 10. Bxc6 Bxc6 11. d5 Bd7 12. Bd4 O-O 13. Bxg7 Kxg7 14. b3 Rc8 15.
O-O Kg8 16. Qd2 c6 17. Rfd1 cxd5 18. exd5 Rc5 19. Ne4 Rxd5 20. Qc3 Bb5 21. Rd2
Rxd2 {White resigns} 0-1

[Event "Team 45 45 League T87"]
[Site "Internet Chess Club"]
[Date "2021.01.17"]
[Round "2"]
[White "MartyJR"]
[Black "stanbeers"]
[Result "1-0"]
[WhiteElo "1611"]
[BlackElo "1335"]
[Opening "Queen's pawn: London system"]
[ECO "A45"]
[Time "20:00:24"]
[TimeControl "2700+45"]

1. d4 Nf6 2. Bf4 d6 3. e3 Nbd7 4. Nf3 c6 5. c3 Qc7 6. Nbd2 e5 7. dxe5 dxe5 8.
Bg3 Be7 9. Nc4 Ne4 10. Bxe5 Nxe5 11. Ncxe5 O-O 12. Bd3 Bf5 13. Qc2 Bd6 14. Nc4
Rae8 15. Nxd6 Qxd6 16. Rd1 Bg6 17. Bxe4 Bxe4 18. Qe2 Qf6 19. O-O Bxf3 20. Qxf3
Qe6 21. a3 h6 22. Rd2 Re7 23. Rfd1 Rfe8 24. Rd6 Qb3 25. Qe2 Qa4 26. R6d4 Qa5 27.
Qd2 Qg5 28. g3 Qf6 29. Qc2 b5 30. Rd8 Qe6 31. R8d6 Qc4 32. b3 Qc5 33. b4 Qb6 34.
a4 a6 35. a5 Qb7 36. Qe2 Qc8 37. Qf3 Re6 38. Rd7 R6e7 39. R7d6 Re6 40. Qf4 Re4
41. Qf3 R4e6 42. Qe2 Qc7 43. Rd7 Qe5 44. Qd2 Qg5 45. Qd4 Re4 46. Qa7 R4e7 47.
Rxe7 Rxe7 48. Qxa6 Qg4 49. Rd8+ Kh7 50. Qxc6 Qe2 51. Qd6 Rxe3 52. Qd1 {Black
resigns} 1-0

[Event "Team 45 45 League T87"]
[Site "Internet Chess Club"]
[Date "2021.01.14"]
[Round "2"]
[White "OGO"]
[Black "Balderdash"]
[Result "1-0"]
[WhiteElo "1208"]
[BlackElo "1167"]
[Opening "QGD: Marshall defense"]
[ECO "D06"]
[Time "13:00:50"]
[TimeControl "2700+45"]

1. d4 d5 2. c4 Nf6 3. Bg5 Bf5 4. Nf3 h6 5. Bf4 g5 6. Be5 Nc6 7. Nbd2 Nxe5 8.
Nxe5 dxc4 9. Qa4+ Nd7 10. Ndxc4 Bg7 11. e3 a6 12. Nxd7 Bxd7 13. Qb3 Be6 14. Qc2
b5 15. Nd2 Qd7 16. a4 c6 17. axb5 cxb5 18. Nf3 Rc8 19. Qd3 Bf5 20. e4 Bg4 21.
Rd1 Bxf3 22. Qxf3 Bxd4 23. Qd3 e5 24. Be2 Rd8 25. Qb3 O-O 26. O-O Kg7 27. Rd3 g4
28. Rg3 h5 29. h3 f5 30. exf5 Qxf5 31. hxg4 Bxf2+ 32. Kh1 hxg4 33. Rxg4+ Qxg4
34. Bxg4 Rh8+ 35. Bh3 Rdf8 36. Rxf2 Rxf2 37. Qg3+ {Black resigns} 1-0